Map: Amygdala

Players

LiquidMaNa (MaNa) - Winner!

  • Race: Protoss Protoss
  • League: Grandmaster
  • Spawn Location: 7:00

Mixu

  • Race: Zerg Zerg
  • League: Grandmaster
  • Spawn Location: 1:00

Event: HomeStory Cup XXVI

VOD

Have the link to the VOD?

Description

Time

  • Played on: Nov. 30, 2024, 10:58 a.m.
  • Length: 8:56

All games in this series

Show
View Real Time Build Order
Export as new Build Order

LiquidMaNa Protoss - Winner!

Build Orders: 1 Gate Expand, Oracle Opening 

Get SALT Encoding   

  12  0:00  Probe  
  13  0:12  Probe  
  14  0:19  Pylon  
  14  0:24  Probe  
  15  0:33  Probe  
  15  0:41  Probe  
  16  0:44  Gateway  
  17  0:52  Probe  
  17  0:53  Assimilator  
  18  1:00  Probe  
  19  1:08  Probe  
  19  1:18  Probe  
  21  1:30  Nexus  
  21  1:38  Cybernetics Core  
  21  1:43  Assimilator  
  22  1:47  Probe  
  22  1:53  Pylon  
  22  1:59  Probe  
  23  2:06  Adept  
  23  2:11  Probe  
  24  2:15  Stargate  
  26  2:23  Probe  
  26  2:24  Warp Gate  
  27  2:33  Stalker  
  27  2:35  Probe  
  30  2:43  Probe  
  31  2:48  Probe  
  32  2:52  Oracle  
  32  2:55  Probe  
  33  3:00  Probe  
  37  3:07  Probe  
  37  3:12  Probe  
  39  3:19  Oracle, Probe  
  40  3:21  Pylon  
  40  3:24  Probe  
  41  3:31  Probe  
  45  3:36  Probe  
  46  3:43  Nexus, Probe  
  46  3:48  Probe  
  48  3:55  Gateway, Probe  
  49  4:00  Probe  
  49  4:02  Assimilator  
  50  4:03  Assimilator  
  50  4:07  Probe  
  51  4:10  Oracle  
  51  4:14  Pylon  
  54  4:32  Probe x2  
  54  4:38  Twilight Council  
  56  4:39  Forge  
  56  4:41  Adept  
  56  4:44  Probe x2  
  60  4:47  Pylon  
  60  4:48  Pylon  
  60  4:50  Adept  
  62  4:52  Protoss Ground Weapons Level 1  
  62  4:53  Probe x3  
  65  5:01  Probe x3  
  65  5:02  Blink  
  65  5:06  Gateway x2  
  68  5:08  Gateway  
  68  5:11  Probe  
  69  5:28  Probe x2  
  69  5:31  Probe  
  70  5:39  Shield Battery  
  70  5:40  Stalker x2  
  70  5:41  Probe x2  
  72  5:43  Pylon  
  72  5:48  Probe  
  72  5:49  Shield Battery  
  73  5:56  Pylon  
  73  6:03  Stalker x5  
  83  6:05  Probe x2  
  83  6:08  Probe  
  85  6:26  Nexus  
  85  6:28  Stalker x5  
  85  6:31  Probe x2  
  97  6:35  Shield Battery  
  97  6:37  Pylon  
  97  6:41  Gateway  
  97  6:45  Gateway  
  97  6:52  Photon Cannon  
  97  6:54  Stalker x3  
  103  7:04  Probe x3  
  106  7:11  Stalker x2  
  106  7:13  Assimilator  
  106  7:15  Pylon  
  110  7:17  Pylon  
  110  7:27  Stalker x3  
  116  7:36  Pylon  
  116  7:38  Pylon  
  116  7:39  Stalker x4  
  124  7:44  Shield Battery  
  124  7:54  Stalker x3  
  119  8:05  Stalker x2  
  119  8:06  Stalker x2  
  127  8:17  Stalker x3  
  127  8:29  Stalker x4  
  127  8:31  Probe x4  
  138  8:43  Probe  
  138  8:46  Stalker x3  
Show
View Real Time Build Order
Export as new Build Order

Mixu Zerg 

Build Orders: Hatch First 

Get SALT Encoding   

  12  0:00  Drone  
  13  0:12  Overlord  
  13  0:16  Drone  
  14  0:30  Drone x2  
  16  0:47  Hatchery  
  15  0:50  Drone  
  15  0:54  Drone  
  15  0:57  Drone  
  18  1:08  Extractor  
  17  1:13  Spawning Pool  
  17  1:16  Drone  
  17  1:20  Drone  
  18  1:28  Drone  
  19  1:38  Drone  
  20  1:49  Overlord  
  20  2:00  Queen x2  
  20  2:01  Drone  
  25  2:02  Zergling x2  
  26  2:13  Zergling x2  
  26  2:14  Drone  
  28  2:18  Metabolic Boost  
  28  2:21  Drone x2  
  30  2:33  Drone  
  30  2:35  Queen  
  33  2:47  Hatchery  
  33  2:48  Drone  
  33  2:52  Overlord  
  33  2:56  Drone  
  33  2:57  Drone  
  35  3:00  Zergling x2  
  36  3:11  Drone x4  
  40  3:13  Overlord  
  40  3:15  Drone  
  40  3:18  Zergling x2  
  40  3:19  Drone  
  43  3:21  Drone  
  44  3:27  Spore Crawler  
  44  3:28  Spore Crawler  
  44  3:29  Drone x2  
  45  3:34  Drone  
  45  3:42  Drone x3  
  45  3:44  Drone  
  45  3:48  Overlord  
  49  3:50  Drone x3  
  52  4:02  Overlord  
  52  4:03  Spore Crawler  
  52  4:05  Extractor  
  52  4:07  Drone x3  
  53  4:13  Drone x5  
  58  4:22  Drone x5  
  60  4:24  Drone  
  60  4:26  Spore Crawler  
  60  4:34  Drone x2  
  60  4:35  Drone  
  60  4:38  Roach Warren  
  61  4:39  Extractor, Lair  
  61  4:42  Overlord  
  61  4:43  Drone x2  
  63  4:45  Extractor  
  63  4:47  Drone x3  
  63  4:50  Overlord  
  65  4:53  Extractor  
  65  4:58  Overlord  
  65  4:59  Drone  
  65  5:02  Drone x2  
  68  5:07  Zergling x2  
  68  5:09  Overlord  
  68  5:10  Zergling x2  
  68  5:13  Zergling x6  
  72  5:14  Spore Crawler  
  72  5:18  Roach x3  
  75  5:23  Drone x3  
  76  5:29  Drone x3  
  76  5:30  Roach  
  76  5:33  Roach  
  82  5:37  Glial Reconstitution  
  82  5:38  Roach  
  92  5:42  Roach x3  
  92  5:43  Roach  
  92  5:49  Infestation Pit  
  91  5:50  Drone x4, Overlord  
  91  5:51  Evolution Chamber  
  91  5:52  Extractor  
  91  5:55  Drone  
  94  6:00  Roach  
  96  6:07  Burrow  
  96  6:09  Overlord  
  96  6:10  Roach x5  
  106  6:14  Overlord  
  106  6:23  Zerg Missile Weapons Level 1  
  106  6:25  Overlord  
  106  6:30  Roach x4  
  114  6:33  Pneumatized Carapace  
  114  6:34  Roach x4  
  114  6:36  Overlord x3  
  122  6:44  Roach x4  
  130  6:49  Overlord x2  
  130  6:56  Roach x2  
  130  6:58  Roach x3  
  140  7:03  Hatchery  
  140  7:05  Roach  
  140  7:08  Roach x3  
  147  7:11  Roach x2  
  147  7:13  Roach  
  147  7:15  Roach x4  
  158  7:27  Roach  
  160  7:33  Roach  
  160  7:38  Overlord x2  
  160  7:42  Ravager  
  160  7:43  Overlord x2  
  160  7:51  Overlord  
  160  7:52  Overlord  
  160  7:54  Roach x2  
  157  8:00  Roach x6  
  157  8:03  Queen, Roach x2  
  172  8:07  Ravager x4  
  172  8:10  Roach  
  171  8:14  Roach  
  171  8:15  Roach x2  
  171  8:16  Queen  
  171  8:18  Roach x2  
  171  8:19  Queen  
  171  8:25  Roach  
  165  8:29  Roach x2  
  163  8:36  Roach x2  
Tags
 
Add a new tag
Caveats
  • Supply blocks, unpowered buildings, or Contaminate may cause inaccurate times.
  • Supply counts are checked every 10 seconds.